 Dungeon Crawl Stone Soup version 0.28.0 (webtiles) character file.

Game seed: 6838500562871777537

89 themarg the Chopper (level 4, -4/40 HPs)
             Began as a Minotaur Monk on Feb 18, 2022.
             Was an Initiate of Yredelemnul.
             Killed by divine providence
             ... invoked by an orc priest
              (9 damage)
             ... on level 3 of the Dungeon.
             The game lasted 00:11:26 (2835 turns).

themarg the Chopper (Minotaur Monk)                 Turns: 2835, Time: 00:11:26

Health: -4/40      AC:  9    Str: 16    XL:     4   Next: 31%
Magic:  3/3        EV:  8    Int:  7    God:    Yredelemnul [......]
Gold:   112        SH:  0    Dex: 14    Spells: 3/3 levels left

rFire   . . .      SeeInvis .   a - +0 hand axe
rCold   . . .      Faith    .   (no shield)
rNeg    . . .      Spirit   .   j - +0 chain mail {rPois}
rPois   +          Reflect  .   (helmet restricted)
rElec   .          Harm     .   i - +0 cloak
rCorr   .          Rampage  .   (no gloves)
Will    .....                   (no boots)
Stlth   ..........              (no amulet)
HPRegen 0.13/turn               (no ring)
MPRegen 0.08/turn               (no ring)

@: no status effects
A: horns 2, retaliatory headbutt
a: Renounce Religion, Recall Undead Harvest


You were on level 3 of the Dungeon.
You worshipped Yredelemnul.
Yredelemnul was noncommittal.
You visited 1 branch of the dungeon, and saw 3 of its levels.

You collected 112 gold pieces.

Inventory:

Hand Weapons
 a - a +0 hand axe (weapon)
Missiles
 c - 119 stones (quivered)
Armour
 e - a +0 helmet
 i - a +0 cloak (worn)
 j - a +0 chain mail of poison resistance (worn)
Wands
 g - a wand of flame (4)
Scrolls
 d - a scroll of vulnerability {unknown}
 f - a scroll of torment {unknown}
 h - a scroll of fear {unknown}
Potions
 b - a potion of mutation {unknown}


   Skills:
 + Level 4.2 Fighting
 + Level 4.7 Axes
 + Level 1.6 Armour
 + Level 3.9 Dodging
 + Level 2.0 Stealth


You had 3 spell levels left.
You didn't know any spells.
Your spell library was empty.

Dungeon Overview and Level Annotations

Branches:
Dungeon (3/15)

Altars:
Yredelemnul

Annotations:
D:2 Sigmund


Innate Abilities, Weirdness & Mutations

You have a pair of horns on your head.
You reflexively headbutt those who attack you in melee.


Message History

You feel less confused.
You hear some strange, mumbled words.
A puff of flame appears from out of thin air!
The puff of flame hits you.
* * * LOW HITPOINT WARNING * * *
You hit something. You hit the orc zombie.
You destroy the orc zombie!
That felt strangely unrewarding.
You hear some strange, mumbled words.
Something tries to affect you, but you resist.
You hit something. Your headbutt misses something. You punch something.
Reactivating autopickup.
You feel a bit more experienced.
Your Stealth skill increases to level 2!
You start resting.
You hear the slow rusting of a very distant drain.
You start resting.
An orc priest comes into view. It is wielding a +0 club.
The orc priest shouts!
Things that are here:
a +0 dagger; a +0 robe You closely miss the orc priest.
The orc priest hits you but does no damage.
You barely miss the orc priest.
The orc priest hits you but does no damage.
You hit the orc priest.
The orc priest is moderately wounded.
The orc priest hits you but does no damage.
You hit the orc priest.
The orc priest is heavily wounded.
The orc priest hits you but does no damage.
You hit the orc priest.
The orc priest is severely wounded.
The orc priest hits you but does no damage.
You hit the orc priest.
The orc priest is almost dead.
The orc priest invokes the aid of Beogh against you.
Beogh smites you!
You die...
Your body rises from the dead as a mindless zombie.

...# ##..# ....
#>.# #..# ##### #.
#..# #...
#.##..####)#
#......)@o.# #
#.##..######
#.#####.##..#
#...........#
#...........###.
...........^.$.#
#########.#######.#
...........#
....#####..#


You could see an orc priest.

Vanquished Creatures
  An orc wizard (D:3)
  Robin (D:2)
  An adder (D:2)
  3 orcs (D:3)
  3 endoplasms
  8 goblins
  4 hobgoblins
  5 jackals (D:2)
  2 quokkas
  4 ball pythons
  5 bats
  3 frilled lizards
  3 kobolds
  An orc zombie (D:3)
  6 rats
50 creatures vanquished.

Vanquished Creatures (others)
  An adder zombie (D:2)
  2 ball python zombies (D:2)
  An orc zombie (D:3)
  A quokka zombie (D:2)
  A rat zombie (D:2)
  A plant (D:1)
7 creatures vanquished.

Grand Total: 57 creatures vanquished

Notes
Turn   | Place    | Note
-------+----------+-------------------------------------------
     0 | D:1      | themarg the Minotaur Monk began the quest for the Orb.
     0 | D:1      | Reached XP level 1. HP: 19/19 MP: 0/0
   658 | D:1      | Reached XP level 2. HP: 18/27 MP: 1/1
  1621 | D:2      | Noticed Sigmund
  1641 | D:2      | Reached XP level 3. HP: 31/33 MP: 2/2
  1843 | D:2      | Found a faded altar of an unknown god.
  1874 | D:2      | Noticed Robin
  1896 | D:2      | Killed Robin
  1897 | D:2      | Reached skill level 1 in Armour
  2200 | D:2      | Prayed at the altar of an unknown god.
  2200 | D:2      | Became a worshipper of Yredelemnul the Dark
  2200 | D:2      | Reached * piety under Yredelemnul
  2200 | D:2      | Reached ** piety under Yredelemnul
  2277 | D:2      | Reached XP level 4. HP: 25/40 MP: 3/3
  2835 | D:3      | Killed from afar by an orc priest

Illustrated notes

Levels and vault maps discovered:
D:1:      kilobyte_arrival_exit_the_forest, layout_basic
D:2:      minmay_angry_zag, layout_loops_ring, ebering_ecumenical_altar_webs,
          uniq_robin, uniq_sigmund
D:3:      layout_loops_ring, trog_hazing_becter, ashenzari_altar_1,
          overflow_temple_1_default, gup_sewer_entry_spiral

Skill      XL: |  1  2  3  4 |
---------------+-------------+-----
Axes           | 4 |  4.7
Fighting       | 4 |  4.2
Armour         | 1 |  1.6
Stealth        | 2 |  2.0
Dodging        | |  3.9

Action                   |  1- 3 |  4- 6 || total
-------------------------+-------+-------++-------
Melee: Hand axe          |   101 |    37 ||   138
       Headbutt          |    16 |     5 ||    21
       Punch             |     1 |     1 ||     2
  Use: Scroll            |     2 |       ||     2
       Potion            |     1 |       ||     1
 Stab: Sleeping          |     2 |       ||     2
Armor: Robe              |     6 |       ||     6
       Chain mail        |    43 |    30 ||    73
Dodge: Dodged            |    51 |     6 ||    57
